 Dungeon Crawl Stone Soup version 0.20.1-1-g8b1a95d (webtiles) character file.

1593 Terrossi the Chopper (level 8, -11/73 HPs)
             Began as a Deep Dwarf Berserker on Nov 3, 2017.
             Mangled by a polar bear (13 damage)
             ... created by the rage of Trog
             ... on level 7 of the Dungeon.
             The game lasted 00:49:03 (5525 turns).

Terrossi the Chopper (Deep Dwarf Berserker)         Turns: 5525, Time: 00:49:03

Health: -11/73     AC: 11    Str: 22    XL:     8   Next: 61%
Magic:  0/0        EV: 13    Int: 14    God:
Gold:   277        SH:  0    Dex: 12    Spells: 7/7 levels left

rFire    . . .     SeeInvis .   j - +4 war axe
rCold    . . .     Gourm    .   (no shield)
rNeg     . . .     Faith    .   h - +1 ring mail
rPois    .         Spirit   .   v - +0 helmet
rElec    .         Reflect  .   m - +0 cloak
rCorr    .         Harm     .   (no gloves)
MR       +....                  (no boots)
Stlth    +.........             (no amulet)
Regen    0.0/turn               (no ring)
MPRegen  0.1/turn               (no ring)

@: brilliant, about to teleport, non-regenerating
A: damage resistance, heal wounds, thin metallic scales 1, sense surroundings 1,
no regeneration
a: Heal Wounds


You were on level 7 of the Dungeon.
You were not hungry.

You visited 1 branch of the dungeon, and saw 9 of its levels.
You also visited: Sewer.

You collected 277 gold pieces.

Inventory:

Hand Weapons
 a - a +1 hand axe
 j - a +4 war axe (weapon)
Missiles
 f - 130 stones (quivered)
Armour
 h - a +1 ring mail (worn)
 m - a +0 cloak (worn)
 v - a +0 helmet (worn)
Wands
 o - a wand of flame (43/48)
Scrolls
 b - 3 scrolls of teleportation
 g - 2 scrolls of magic mapping
 i - 5 scrolls of identify
 k - a scroll of enchant weapon
 l - a scroll of enchant armour
 q - a scroll of fog
 w - a scroll of recharging
Potions
 e - a potion of agility
 r - 2 potions of magic
Comestibles
 c - 3 bread rations
 d - a royal jelly
 u - 2 fruits
 x - a meat ration


   Skills:
 + Level 4.8 Fighting
 + Level 7.6 Axes
 + Level 3.7 Throwing
 + Level 6.2 Armour
 + Level 4.0 Dodging
 + Level 1.3 Stealth


You had 7 spell levels left.
You didn't know any spells.

Dungeon Overview and Level Annotations

Branches:
Dungeon (9/15)
 Temple: D:4-7         Lair: D:8-11         Orc: D:9-12

Altars:
Yredelemnul
Zin

Annotations:
D:4 Menkaure
D:6 1 runed door


Innate Abilities, Weirdness & Mutations

You are resistant to damage.
You can heal yourself by infusing magical energy.
You passively map a small area around you.
You do not regenerate.
You are partially covered in thin metallic scales. (AC +2)


Message History

The black bear completely misses you. The black bear claws you.
* * * LOW HITPOINT WARNING * * *
The black bear claws you.
Unknown command.
You feel better. The polar bear bites you.
* * * LOW HITPOINT WARNING * * *
The polar bear closely misses you. The polar bear barely misses you.
The black bear bites you but does no damage.
The black bear barely misses you.
The black bear claws you but does no damage.
The black bear bites you!
* * * LOW HITPOINT WARNING * * *
The black bear claws you but does no damage.
The black bear misses you. The black bear bites you.
* * * LOW HITPOINT WARNING * * *
The black bear claws you but does no damage. x2
It was a potion of brilliance.
You feel clever all of a sudden. The polar bear bites you!
You die...

......,
..##.........#.#* *
.......# .....
.......#.# ........#
, ...#*#.......
[.....K..# ,
#..###....#* * ......
K.., #...###..## **,
* ...... KK *
*#........# ....##*
#. ##...###.###
.....# #.######hh###
##).#
......**#.(..((h@##
##[##
.(..............h#
#.(#
..###.....######.##
#.## .## ###..., *
#..#####.# ..# *#...
##)#.....# *.# #....
* #.).....# * .
#.............####.##
#..,
....#..#......####..#
.# * #....##...<....#


You could see a polar bear (berserk) and 3 black bears.

Vanquished Creatures
  2 hippogriffs
  Edmund (D:6)
  An orc warrior (D:7)
  A sky beast (D:7)
  3 slaves (D:8)
  An ogre (D:6)
  2 centaurs
  A big kobold (D:7)
  A bullfrog (D:6)
  A scorpion (D:7)
  A bullfrog zombie (D:5)
  2 crimson imps (D:6)
  3 hounds
  An orc wizard (D:5)
  A bullfrog skeleton (D:5)
  An iguana (D:4)
  4 adders
  4 gnolls (D:5)
  2 river rats (Sewer)
  An adder skeleton (D:6)
  A worm (D:3)
  2 dart slugs
  5 leopard geckos
  12 orcs
  8 bats
  9 giant cockroaches
  7 goblins
  4 hobgoblins
  6 jackals
  18 kobolds
  3 quokkas
  7 ball pythons
  7 frilled lizards
  A quokka skeleton (D:4)
  13 rats
137 creatures vanquished.

Notes
Turn   | Place    | Note
-------+----------+-------------------------------------------
     0 | D:1      | Terrossi the Deep Dwarf Berserker began the quest for the Orb.
     0 | D:1      | Reached XP level 1. HP: 20/20 MP: 1/1
   702 | D:1      | Reached XP level 2. HP: 27/27 MP: 2/2
  1104 | D:1      | Reached skill level 1 in Throwing
  1104 | D:1      | Reached XP level 3. HP: 30/34 MP: 3/3
  1381 | D:1      | Reached ** piety under Trog
  2185 | D:3      | Reached skill level 4 in Axes
  2199 | D:3      | Reached XP level 4. HP: 39/42 MP: 3/3
  2872 | D:4      | Reached XP level 5. HP: 49/49 MP: 4/4
  2917 | D:5      | Entered Level 5 of the Dungeon
  2948 | D:4      | Reached *** piety under Trog
  3036 | D:4      | Noticed Menkaure
  3286 | D:5      | Reached skill level 5 in Axes
  3289 | D:5      | Reached XP level 6. HP: 25/56 MP: 3/3
  3422 | D:5      | Noticed a hornet
  3431 | D:5      | Paralysed by a hornet for 1 turns
  3625 | D:6      | Noticed Edmund
  3664 | D:6      | Killed Edmund
  3664 | D:6      | Reached XP level 7. HP: 48/63 MP: 3/3
  3702 | D:6      | Found a glowing silver altar of Zin.
  3702 | D:6      | Found a runed door.
  3702 | D:6      | Noticed an angel
  3771 | D:6      | Found a glowing drain.
  3812 | D:6      | Found a basalt altar of Yredelemnul.
  3872 | Sewer    | Entered a sewer
  3888 | Sewer    | Received a gift from Trog
  4054 | Sewer    | Reached skill level 6 in Axes
  4408 | D:6      | Reached skill level 1 in Stealth
  4521 | D:7      | Gained mutation: You are partially covered in thin metallic scales. (AC +2) [mutagenic meat]
  4563 | D:7      | Reached skill level 5 in Armour
  4572 | D:7      | Noticed a hippogriff
  4576 | D:7      | Noticed a hippogriff
  4753 | D:8      | Reached XP level 8. HP: 72/72 MP: 2/2
  4767 | D:8      | Killed a hippogriff
  4906 | D:7      | Reached skill level 7 in Axes
  5010 | D:7      | Received a gift from Trog
  5051 | D:7      | Killed a hippogriff
  5253 | D:7      | Fell from the grace of Trog
  5521 | D:7      | Noticed a polar bear
  5524 | D:7      | HP: 2/73 [black bear[the rage of Trog] (2)]
  5525 | D:7      | Mangled by a polar bear

Skill      XL: |  1  2  3  4  5  6  7  8 |
---------------+-------------------------+-----
Fighting       | 3 4 |  4.8
Throwing       | 1 2 3 |  3.7
Axes           | 4 5 6 7 |  7.6
Armour         | 3 4 5 6 |  6.2
Stealth        | 1 |  1.3
Dodging        | 3 4 |  4.0

Action                   |  1- 3 |  4- 6 |  7- 9 || total
-------------------------+-------+-------+-------++-------
Melee: Hand axe          |   144 |   185 |   217 ||   546
       War axe           |       |       |    26 ||    26
Throw: Stone             |   120 |   111 |    69 ||   300
Invok: Renounce Religion |       |       |     1 ||     1
 Abil: Heal Wounds       |     5 |    12 |    14 ||    31
  Use: Scroll            |       |    11 |     5 ||    16
       Potion            |       |     5 |     6 ||    11
  Eat: Royal jelly       |     2 |     1 |       ||     3
       Meat ration       |       |     1 |     1 ||     2
       Chunk             |       |       |     1 ||     1
Armor: Animal skin       |     3 |       |       ||     3
       Ring mail         |    46 |    53 |   130 ||   229
Dodge: Dodged            |    89 |   100 |   190 ||   379
